AoeStats
← skelting

Arabia

507553519Analyzed
1v1 RM · 14d ago on Sep 18, 2026· 26m 1s· 2 players
Game mode
Random Map
Map size
Tiny (2 player)
Population
200
Speed
Normal
Resources
Standard
Victory
Conquest
Starting age
Dark Age
Ending age
Imperial Age
RankedLock teamsTeams togetherTeam positionsShared explorationLock speedFull tech treeHidden civsTurbo modeCheats
Victory
Defeat
🇩🇰 Bengalis · Denmark
1198
+14
🇺🇸 Tatars · United States
1162
-14
skelting
5:25 Loom
8:15 Feudal Age
21:36 Castle Age
19:55 Double-Bit Axe
19:52 Horse Collar
20:56 Bloodlines
20:47 Gold Mining
21:16 Fletching
22:15 Padded Archer Armor
22:18 Bodkin Arrow
24:01 Leather Archer Armor
23:57 Husbandry
24:20 Light Cavalry
Cabeceo_e
6:04 Loom
9:22 Feudal Age
10:21 Double-Bit Axe
12:54 Wheelbarrow
21:03 Castle Age
19:54 Fletching
20:15 Horse Collar
21:09 Scale Barding Armor
21:16 Bloodlines
22:13 Bow Saw
22:32 Padded Archer Armor
22:54 Bodkin Arrow
23:29 Husbandry
Connection lost

Rejoining the realm…

Still unreachable

The connection could not be restored.

Session expired

The server has moved on; the page needs a fresh start.